 Dungeon Crawl Stone Soup version 0.31-a0-848-gaac375c287 (webtiles) character file.

Game seed: 11591842473130847466

10792 Schnaeble the Bludgeoner (level 11, 0/102 HPs)
             Began as a Minotaur Fighter on Oct 5, 2023.
             Was a Priest of Ru.
             Killed from afar by a raiju (22 damage)
             ... with a living lightning
             ... on level 2 of the Abyss.
             The game lasted 00:16:52 (9295 turns).

Schnaeble the Bludgeoner (Minotaur Fighter)         Turns: 9295, Time: 00:16:52

Health: 0/102      AC:  6    Str: 24    XL:     11   Next: 40%
Magic:  10/10      EV: 12    Int:  5    God:    Ru [***...]
Gold:   120        SH: 10    Dex: 11    Spells: 10/10 levels left

rFire   . . .        u - +4 whip (freeze)
rCold   . . .        c - +1 buckler
rNeg    . . .        b - +0 scale mail
rPois   .            (helmet restricted)
rElec   .            K - scarf {harm}
rCorr   .            (no gloves)
SInv    +            (no boots)
Will    .....        J - amulet of reflection
Stlth   x              - ring of see invisible
HPRegen 0.00/turn    (no ring)
MPRegen 0.12/turn

%: harm (+30% outgoing, +20% incoming), reflection
@: sick
A: horns 2, inability to use devices, disrupted magic 1, retaliatory headbutt
a: Renounce Religion, Draw Out Power


You were on level 2 of the Abyss.
You worshipped Ru.
Ru was most pleased with you.
You visited 1 branch of the dungeon, and saw 12 of its levels.
You visited the Abyss 1 time.

You collected 783 gold pieces.
You spent 663 gold pieces at shops.

Inventory:

Hand Weapons
 a - a +0 flail
 q - a +3 mace
 u - a +4 whip of freezing (weapon)
Armour
 b - a +0 scale mail (worn)
 c - a +1 buckler (worn)
 K - a scarf of harm (worn)
Jewellery
 m - an amulet of regeneration
 w - a ring of wizardry
 x - a ring of see invisible (left hand)
 J - an amulet of reflection (around neck)
Wands
 d - a wand of iceblast (22)
 v - a wand of digging (8)
 C - a wand of mindburst (8)
 F - a wand of polymorph (7)
 G - a wand of charming (7)
Scrolls
 e - 2 scrolls of noise
 f - 3 scrolls of fog
 g - 2 scrolls of revelation {unknown}
 h - 10 scrolls of identify
 i - a scroll of amnesia {unknown}
 j - 2 scrolls of immolation
 l - a scroll of brand weapon
 p - 2 scrolls of vulnerability {unknown}
 r - a scroll of torment {unknown}
 s - a scroll of fear {unknown}
 t - a scroll of acquirement {unknown}
 y - a scroll of enchant armour
 D - a scroll of summoning {unknown}
 H - a scroll of poison {unknown}
 I - a scroll of blinking {unknown}
Potions
 k - a potion of haste
 n - a potion of brilliance {unknown}
 z - a potion of lignification
 A - a potion of curing
 B - a potion of degeneration {unknown}
 E - a potion of attraction {unknown}


   Skills:
 + Level 11.5 Fighting
 * Level 16.2 Maces & Flails
 - Level 3.6 Armour
 + Level 7.1 Dodging
 + Level 1.7 Stealth
 - Level 3.6 Shields


You had 10 spell levels left.
You didn't know any spells.
Your spell library contained the following spells:

 Spells                   Type           Power      Damage    Failure   Level
 Slow                     Hex            0%         N/A       88%         1
 Confusing Touch          Hex            0%         N/A       99%         3
 Inner Flame              Hex/Fire       0%         N/A       99%         3
 Sigil of Binding         Hex            0%         N/A       99%         3
 Vampiric Draining        Necr           0%         2d6       99%         3
 Yara's Violent Unravell  Hex/Tmut       0%         3d3       100%        5
 Enfeeble                 Hex            0%         N/A       100%        7


Dungeon Overview and Level Annotations

Branches:
Dungeon (12/15)            Temple (0/1) D:6            Lair (0/5) D:10
    Orc (0/2) D:9

Altars:
Cheibriados
Dithmenos
Elyvilon
Hepliaklqana
Kikubaaqudgha
Makhleb
Okawaru
Qazlal
Ru
Trog
Uskayaw
Wu Jian
Zin
The Shining One

Shops:
D:11 *

Annotations:
D:8 3 runed translucent doors, javelincjr's ghost, novice TrSh
D:12 Erolcha


Innate Abilities, Weirdness & Mutations

You have a pair of horns on your head.
You cannot study or use magical devices.
Your casting is slightly disrupted.
You reflexively headbutt those who attack you in melee.


Message History

There is a corrupted altar of Lugonu here.
You kneel at the altar of Lugonu.
A raiju comes into view.
The raiju barely misses you. The raiju attacks as it pursues you!
The raiju barely misses you.
The raiju bursts into living lightning!
The living lightning hits you!
The raiju blinks! x2; You feel ill.
The raiju attacks as it pursues you! The raiju bites you. The raiju shocks you!
The raiju bursts into living lightning!
The living lightning misses you.
The raiju blinks!
The raiju bursts into living lightning!
The living lightning hits the raiju.
The raiju completely resists.
The living lightning hits you!
The raiju blinks! x2
An ufetubus comes into view.
A worldbinder comes into view.
The raiju bursts into living lightning!
The living lightning hits the raiju.
The raiju completely resists.
The living lightning hits you.
The living lightning hits the raiju.
The raiju completely resists.
The raiju blinks! x2
The worldbinder moves out of view.
A spriggan defender skeleton comes into view.
The spriggan defender skeleton hits you but does no damage.
You block the raiju's attack.
The spriggan defender skeleton closely misses you.
You block the raiju's attack. The raiju attacks as it pursues you!
The raiju bites you! The raiju shocks you!
The spriggan defender skeleton hits you!
* * * LOW HITPOINT WARNING * * *
The raiju bursts into living lightning!
The living lightning hits you.
* * * LOW HITPOINT WARNING * * *
The raiju blinks!
You feel ill.
There is an open door here.
The raiju bursts into living lightning!
The living lightning hits the raiju.
The raiju completely resists.
The living lightning misses you.
The raiju blinks! x2
You feel ill.
The raiju bursts into living lightning!
The living lightning hits you!!
You die...

### #@##############
#....#.h.x.#........
#...###....#........
'.'.....'.h.h'........
#.#... # ....#.ยง.....
# #.. #...##........
#... ####.#Zx......
##...#####.##h.......
#. ... .. .


'h....... You could see an ancient zyme and 3 raiju.

Vanquished Creatures
  3 two-headed ogres
  Urug (D:11)
  Pikel (D:6)
  An unseen horror (D:11)
  2 komodo dragons
  Psyche (D:9)
  3 trolls
  Prince Ribbit (D:6)
  3 shadows
  3 wraiths
  3 yaks
  Eustachio (D:6)
  A wyvern (D:7)
  2 vampire mosquitoes (D:11)
  Grum (D:11)
  3 acid dragons
  A water moccasin (D:7)
  An orc warrior (D:9)
  4 sky beasts
  A black bear (D:5)
  4 wolves (D:11)
  2 ogres
  6 centaurs
  A lemure (D:6)
  A phantom (D:4)
  A kobold brigand (D:8)
  2 bullfrogs
  2 scorpions
  9 wights
  11 howler monkeys
  4 hounds
  3 jellies
  4 orc priests
  A gnoll bouda (D:10)
  5 iguanas
  6 orc wizards
  14 gnolls
  7 adders
  A white imp (D:5)
  2 ufetubi
  3 worms
  45 orcs
  6 endoplasms
  4 giant cockroaches
  8 goblins
  9 hobgoblins
  6 jackals
  9 kobolds
  6 ball pythons
  4 bats
  5 frilled lizards
  6 rats
234 creatures vanquished.

Notes
Turn   | Place    | Note
-------+----------+-------------------------------------------
     0 | D:1      | Schnaeble the Minotaur Fighter began the quest for the Orb.
     0 | D:1      | Reached XP level 1. HP: 19/19 MP: 0/0
   167 | D:1      | Reached skill level 3 in Maces & Flails
   167 | D:1      | Reached XP level 2. HP: 27/27 MP: 1/1
   664 | D:2      | Reached XP level 3. HP: 24/33 MP: 2/2
   753 | D:2      | Reached skill level 4 in Maces & Flails
   782 | D:2      | Reached XP level 4. HP: 14/40 MP: 3/3
  1093 | D:2      | Reached skill level 5 in Maces & Flails
  1617 | D:3      | Reached XP level 5. HP: 26/47 MP: 4/4
  1888 | D:3      | Found a stormy altar of Qazlal.
  2224 | D:4      | Reached skill level 6 in Maces & Flails
  2296 | D:4      | Reached XP level 6. HP: 50/53 MP: 5/5
  2420 | D:4      | Reached skill level 7 in Maces & Flails
  2985 | D:4      | Found a burning altar of Makhleb.
  3025 | D:5      | Entered Level 5 of the Dungeon
  3064 | D:4      | Reached skill level 1 in Dodging
  3109 | D:4      | Reached skill level 8 in Maces & Flails
  3115 | D:4      | Reached skill level 5 in Fighting
  3150 | D:5      | Reached XP level 7. HP: 41/61 MP: 6/6
  3238 | D:5      | Found a snail-covered altar of Cheibriados.
  3407 | D:5      | Reached skill level 9 in Maces & Flails
  3677 | D:6      | Reached skill level 10 in Maces & Flails
  3709 | D:6      | Found an iron altar of Okawaru.
  3729 | D:6      | Noticed Eustachio
  3765 | D:6      | Killed Eustachio
  3766 | D:6      | Reached XP level 8. HP: 56/70 MP: 7/7
  3787 | D:6      | Found a glowing silver altar of Zin.
  3885 | D:6      | Found a bloodstained altar of Trog.
  4013 | D:6      | Found a staircase to the Ecumenical Temple.
  4098 | D:6      | Noticed Pikel
  4127 | D:6      | Killed Pikel
  4128 | D:6      | Reached skill level 11 in Maces & Flails
  4128 | D:6      | Reached skill level 1 in Stealth
  4325 | D:6      | Noticed Prince Ribbit
  4334 | D:6      | Killed Prince Ribbit
  4335 | D:6      | Reached skill level 12 in Maces & Flails
  4335 | D:6      | Reached XP level 9. HP: 70/78 MP: 8/8
  4530 | D:6      | Found a glowing golden altar of the Shining One.
  4748 | D:7      | Found a white marble altar of Elyvilon.
  4865 | D:7      | Reached skill level 13 in Maces & Flails
  5167 | D:7      | Found a shadowy altar of Dithmenos.
  5469 | D:7      | Found a sacrificial altar of Ru.
  5469 | D:7      | Found an ornate altar of the Wu Jian Council.
  5476 | D:7      | Became a worshipper of Ru the Awakened
  5611 | D:8      | Found a runed translucent gate.
  5612 | D:8      | Noticed javelincjr's ghost (novice TrSh)
  5612 | D:8      | Found a runed translucent gate.
  5613 | D:8      | Found a runed translucent gate.
  6076 | D:9      | Noticed Psyche
  6076 | D:9      | Noticed a two-headed ogre
  6078 | D:9      | Paralysed by Psyche for 4 turns
  6097 | D:9      | Killed a two-headed ogre
  6098 | D:9      | Reached skill level 14 in Maces & Flails
  6100 | D:9      | Noticed a troll
  6114 | D:9      | Killed a troll
  6115 | D:9      | Reached XP level 10. HP: 49/90 MP: 7/9
  6134 | D:9      | Killed Psyche
  6265 | D:9      | Reached skill level 5 in Dodging
  6318 | D:9      | Found an ancient bone altar of Kikubaaqudgha.
  6524 | D:9      | Noticed a two-headed ogre
  6532 | D:9      | Killed a two-headed ogre
  6684 | D:9      | Gained mutation: Your casting is slightly disrupted. [Ru
                  | sacrifice]
  6703 | D:9      | Found a staircase to the Orcish Mines.
  6764 | D:9      | Reached skill level 10 in Fighting
  6855 | D:8      | Reached skill level 15 in Maces & Flails
  7168 | D:10     | Entered Level 10 of the Dungeon
  7175 | D:10     | Reached skill level 1 in Evocations
  7491 | D:10     | Found a hazy altar of Hepliaklqana.
  7605 | D:10     | Found a staircase to the Lair.
  7611 | D:10     | Found a hide-covered altar of Uskayaw.
  7958 | D:11     | Found Bycir's Neck Hole.
  7966 | D:11     | Bought an amulet of reflection for 510 gold pieces
  7966 | D:11     | Bought a scarf of harm for 153 gold pieces
  8048 | D:11     | Noticed Grum
  8070 | D:11     | Reached XP level 11. HP: 98/101 MP: 10/10
  8076 | D:11     | Killed Grum
  8536 | D:11     | Noticed Urug
  8547 | D:11     | Killed Urug
  8883 | D:11     | Reached skill level 16 in Maces & Flails
  8889 | D:11     | Gained mutation: You cannot study or use magical devices.
                  | [Ru sacrifice]
  8889 | D:11     | Reached * piety under Ru
  8889 | D:11     | Reached ** piety under Ru
  8889 | D:11     | Reached *** piety under Ru
  8893 | D:11     | Noticed a two-headed ogre
  8901 | D:11     | Killed a two-headed ogre
  9192 | D:12     | Noticed Erolcha
  9195 | D:12     | Noticed a deep elf pyromancer
  9210 | Abyss:2  | Cast into level 2 of the Abyss (Erolcha)
  9268 | Abyss:2  | Found a corrupted altar of Lugonu.
  9274 | Abyss:2  | Found a corrupted altar of Lugonu.
  9274 | Abyss:2  | Found a corrupted altar of Lugonu.
  9295 | Abyss:2  | Killed from afar by a raiju

Illustrated notes

Levels and vault maps discovered:
D:1:      scummos_arrival_simple_crosswalls, layout_loops_ring,
          minmay_indecisive_spiral
D:2:      layout_loops_ring, minmay_misc_feat_ornament,
          dreamdust_mushroom_princess
D:3:      layout_rooms, mainiacjoe_overflow_alcove_4, lightli_corner_chamber
D:4:      minmay_door_path, layout_basic, mainiacjoe_overflow_alcove_2,
          grunt_ministairs_11, roderic_lattice_a
D:5:      layout_basic, marbit_many_paths, dreamdust_gnoll_farm
D:6:      layout_basic, mainiacjoe_overflow_alcove_1,
          nicolae_tso_swordbearing_angel, okawaru_gym_becter,
          mainiacjoe_overflow_tiny_flanked, minmay_temple_entry_mist,
          grunt_ministairs_6, nicolae_elevator_lobby_plus, uniq_prince_ribbit1,
          uniq_eustachio, uniq_pikel
D:7:      hellmonk_crumbling_castle, layout_loops_ring, elyvilon_altar_3,
          nicolae_dithmenos_through_a_glass_darkly,
          gammafunk_temple_overflow_statue, minmay_gold_behind_fungi,
          chequers_serial_rivers_room_b
D:8:      layout_rooms, biasface_ghost_orc_armoury
D:9:      layout_roguey, nicolae_kikubaaqudgha_miasma_corner, hiddenorc1_lemuel,
          kennysheep_windowed_goal, uniq_psyche
D:10:     layout_irregular_city, general_overflow_altar,
          mainiacjoe_overflow_small_starburst, david_lair_shrubbed
D:11:     layout_stronghold, minmay_misc_feat_x,
          nicolae_shop_sticking_my_neck_out, uniq_grum, uniq_urug
D:12:     layout_rooms, serial_glass, glass_columns_c, glass_columns_a,
          ebering_ghost_inner_flame, uniq_erolcha
Abyss:2:  base: D:4, minivault_25_ag

Skill      XL: |  1  2  3  4  5  6  7  8  9 10 11 |
---------------+----------------------------------+-----
Fighting       | 4 5 6 8 10 11 | 11.5
Maces & Flails | 3 4 5 6 8 10 12 14 15 16 | 16.2
Dodging        | 1 2 3 4 6 7 |  7.1
Stealth        | 1 |  1.7
Evocations     | 2 0 |  0.0
Armour         | |  3.6
Shields        | |  3.6

Action                     |  1- 3 |  4- 6 |  7- 9 | 10-12 || total
---------------------------+-------+-------+-------+-------++-------
  Melee: Flail             |    50 |    80 |       |       ||   130
         Headbutt          |     7 |    21 |    54 |    77 ||   159
         Mace              |       |    27 |       |       ||    27
         Whip              |       |    44 |   326 |   340 ||   710
 Invoke: Sacrifice Essence |       |       |       |     1 ||     1
         Sacrifice Artific |       |       |       |     1 ||     1
  Evoke: Wand              |       |       |     3 |     3 ||     6
    Use: Scroll            |       |     3 |     6 |     2 ||    11
         Potion            |       |       |     4 |     1 ||     5
 Armour: Scale mail        |    36 |   119 |   182 |   125 ||   462
         Skin              |       |       |    33 |     8 ||    41
  Dodge: Dodged            |    31 |    82 |   119 |   107 ||   339
  Block: Buckler           |    15 |    35 |    50 |    73 ||   173

Table legend: (Time is in decaauts)
 A = Elapsed time spent in this place.
 B = Non-inter-level travel time spent in this place.
 C = Inter-level travel time spent in this place.
 D = Time resting spent in this place.
 E = Time spent auto-exploring this place.
 F = Levels seen in this place.
 G = Mean time per level.
                   A        B        C        D        E       F      G
               +--------+--------+--------+--------+--------+-----+--------+
         Total |   9005 |   8535 |    470 |      0 |   7071 |  13 |  692.7 |
       Dungeon |   8920 |   8450 |    470 |      0 |   7037 |  12 |  743.3 |
         Abyss |     85 |     85 |      0 |      0 |     34 |   1 |   85.0 |
               +--------+--------+--------+--------+--------+-----+--------+

Top non-repeatable levels by time:
    D:11: 1234 daAuts
     D:4: 1073 daAuts
     D:6: 991 daAuts
     D:9: 921 daAuts
     D:2: 848 daAuts
     D:7: 815 daAuts
     D:1: 744 daAuts
    D:10: 706 daAuts
     D:8: 617 daAuts
     D:5: 489 daAuts
     D:3: 460 daAuts
 Abyss:2: 85 daAuts
    D:12: 16 daAuts
